 Dungeon Crawl Stone Soup version 0.25-a0-571-gb5e01bddfa (webtiles) character file.

Game seed: 3978612850768709339, levelgen mode: deterministic

7214 Flugslaktarn the Cleaver (level 10, 61/94 HPs)
             Began as a Deep Dwarf Fighter on Feb 29, 2020.
             Quit the game in the Ecumenical Temple.
             The game lasted 00:04:34 (5121 turns).

Flugslaktarn the Cleaver (Deep Dwarf Fighter)       Turns: 5121, Time: 00:04:35

Health: 61/94      AC: 12    Str: 24    XL:     10   Next: 87%
Magic:  0/0        EV:  7    Int:  8    God:
Gold:   84         SH: 12    Dex: 16    Spells: 9/9 levels left

rFire    . . .     SeeInvis +   E - +2 hand axe (freeze)
rCold    + . .     Gourm    .   c - +0 kite shield
rNeg     . . .     Faith    .   A - +0 chain mail
rPois    .         Spirit   .   I - +0 helmet {SInv}
rElec    .         Reflect  .   (no cloak)
rCorr    .         Harm     +   (no gloves)
MR       +....                  (no boots)
Stlth    ..........             x - amulet of harm
HPRegen  0.00/turn              b - ring "Turihygu" {+Fly rC+ SInv}
MPRegen  0.07/turn              i - +4 ring of dexterity

@: non-regenerating
A: damage resistance, heal wounds, sense surroundings 2, no regeneration
a: Heal Wounds, Evoke Flight


You were in the Ecumenical Temple.
You were not hungry.

You visited 2 branches of the dungeon, and saw 10 of its levels.

You collected 469 gold pieces.
You spent 385 gold pieces at shops.

Inventory:

Hand Weapons
 a - a +0 war axe
 E - a +2 hand axe of freezing (weapon)
   (You took it off an orc on level 8 of the Dungeon)
Missiles
 m - 2 throwing nets (quivered)
Armour
 c - a +0 kite shield (worn)
 A - a +0 chain mail (worn)
   (You took it off an orc on level 7 of the Dungeon)
 I - a +0 helmet of see invisible (worn)
   (You bought it in a shop on level 9 of the Dungeon)
Jewellery
 b - the ring "Turihygu" (left hand) {+Fly rC+ SInv}
   (You found it on level 8 of the Dungeon)

   [ring of see invisible]

   It protects you from cold.
   It lets you see invisible.
   It lets you fly.
 i - a +4 ring of dexterity (right hand)
   (You found it on level 5 of the Dungeon)
 n - an uncursed ring of positive energy
   (You found it on level 5 of the Dungeon)
 x - an amulet of harm (around neck)
   (You found it on level 7 of the Dungeon)
 G - an uncursed amulet of magic regeneration {unknown}
   (You found it on level 9 of the Dungeon)
Wands
 y - a wand of paralysis (5)
   (You found it on level 7 of the Dungeon)
 H - a wand of clouds (4)
   (You found it on level 9 of the Dungeon)
Scrolls
 h - a scroll of enchant weapon
 o - a scroll of fog
 t - 8 scrolls of teleportation
 w - 3 scrolls of remove curse
 z - 4 scrolls of blinking
Potions
 d - 5 potions of might
 f - 2 potions of brilliance
 g - 2 potions of flight
 j - 3 potions of haste
 k - 5 potions of lignification
 l - a potion of mutation
 p - a potion of magic
 q - a potion of curing
 F - a potion of ambrosia {unknown}
Comestibles
 e - 21 rations
 B - a chunk of flesh


   Skills:
 + Level 7.4 Fighting
 * Level 11.6 Axes
 + Level 8.9 Armour
 + Level 8.9 Shields


You had 9 spell levels left.
You didn't know any spells.
Your spell library was empty.

Dungeon Overview and Level Annotations

Branches:
Dungeon (9/15)             Temple (1/1) D:7
   Lair: D:8-11         Orc: D:9-12

Altars:
Cheibriados
Dithmenos
Elyvilon
Fedhas
Gozag
Hepliaklqana
Kikubaaqudgha
Nemelex Xobeh
Okawaru
Qazlal
Ru
Sif Muna
Trog
Uskayaw
Vehumet
Wu Jian
Xom
Yredelemnul
Zin
The Shining One

Shops:
D:6 *   D:9 =*!*


Innate Abilities, Weirdness & Mutations

You are resistant to damage.
You can heal yourself by infusing magical energy.
You passively map the area around you.
You do not regenerate.


Message History

There is a stone staircase leading up, spattered with blood here.
You climb upwards.
There is a stone staircase leading down here.
Some of the chunks of flesh in your inventory have rotted away.
There is a staircase to the Ecumenical Temple here.
You climb downwards.
Welcome back to the Ecumenical Temple!
There is a staircase back to the Dungeon here.
Unknown command.
You can't go down here!
You climb upwards.
Welcome back to the Dungeon!
There is a staircase to the Ecumenical Temple here.
Unknown command.
Unknown command.
You climb downwards.
Welcome back to the Ecumenical Temple!
There is a staircase back to the Dungeon here.
Unknown command.
Search for what [Enter for "cha", or ? for help]? mak Can't find anything matching that.
Unknown command.
Are you sure you want to abandon this character and quit the game? (Confirm with "yes".)

##........♣# #♣........##
#..........##
##..........#
#......_...8#
#8..._......#
#♣..........#
#..........♣#
##8........♣#♣........8##
###♣...._..#.._....♣###
##8...........8##
###♣.......♣### ##..@..##
###♣.......♣###
##8...........8##
###♣...._..#.._....♣###
##8........♣#♣........8##
#♣..........#
#..........♣#
#......_...8#
#8..._......#
#..........##
##..........#
##........♣# #♣........##


There were no monsters in sight!

Vanquished Creatures
  A gargoyle (D:8)
  2 trolls (D:9)
  A hornet (D:8)
  3 hippogriffs
  11 yaks (D:9)
  2 hungry ghosts (D:9)
  An eye of draining (D:9)
  3 ice beasts
  5 ogres
  2 orc warriors
  3 black bears
  4 sky beasts
  A phantom (D:9)
  Blork the orc (D:4)
  4 bullfrogs
  A big kobold (D:9)
  5 scorpions
  7 killer bees
  2 howler monkeys
  4 crimson imps
  A bullfrog zombie (D:9)
  3 jellies
  7 hounds
  4 orc priests
  A bullfrog skeleton (D:8)
  A centaur skeleton (D:5)
  3 iguanas
  4 orc wizards
  9 worker ants
  A hound skeleton (D:5)
  2 worker ant zombies
  7 gnolls
  5 adders
  A shadow imp (D:6)
  2 adder skeletons
  3 leopard geckos
  26 orcs
  2 bats
  3 giant cockroaches
  A goblin (D:2)
  2 jackals (D:7)
  2 quokkas
  A frilled lizard (D:2)
  5 kobolds (D:9)
  A leopard gecko skeleton (D:4)
  A quokka skeleton (D:4)
  A rat (D:1)
162 creatures vanquished.

Notes
Turn   | Place    | Note
-------+----------+-------------------------------------------
     0 | D:1      | Flugslaktarn the Deep Dwarf Fighter began the quest for the
                  | Orb.
     0 | D:1      | Reached XP level 1. HP: 20/20 MP: 1/1
    35 | D:2      | Reached XP level 2. HP: 24/27 MP: 2/2
    41 | D:2      | Found a hide-covered altar of Uskayaw.
   160 | D:4      | Reached skill level 3 in Axes
   160 | D:4      | Reached XP level 3. HP: 28/34 MP: 3/3
   253 | D:4      | Reached XP level 4. HP: 27/42 MP: 4/4
   285 | D:4      | Noticed an ogre
   291 | D:4      | Killed an ogre
   291 | D:4      | Reached skill level 4 in Axes
   291 | D:4      | Reached XP level 5. HP: 41/49 MP: 5/5
   582 | D:4      | Noticed Blork the orc
   591 | D:4      | Killed Blork the orc
   591 | D:4      | Reached XP level 6. HP: 31/56 MP: 6/6
   649 | D:4      | Reached skill level 5 in Axes
   880 | D:5      | Entered Level 5 of the Dungeon
  1078 | D:5      | Noticed a sky beast
  1093 | D:5      | Killed a sky beast
  1093 | D:5      | Reached XP level 7. HP: 45/64 MP: 7/7
  1106 | D:5      | Reached skill level 5 in Armour
  1106 | D:5      | Reached skill level 5 in Shields
  1188 | D:5      | Reached skill level 6 in Axes
  1256 | D:5      | Found a radiant altar of Vehumet.
  1801 | D:6      | Found Hoozxeis's Elemental Accessories.
  1985 | D:6      | Reached XP level 8. HP: 43/73 MP: 8/8
  2432 | D:6      | Reached skill level 7 in Axes
  2522 | D:7      | Found a staircase to the Ecumenical Temple.
  2527 | D:7      | Noticed a hippogriff
  2544 | D:7      | Killed a hippogriff
  2553 | Temple   | Entered the Ecumenical Temple
  2725 | D:7      | Found a bloodstained altar of Trog.
  2733 | D:7      | Reached skill level 5 in Fighting
  2918 | D:7      | Found a hazy altar of Hepliaklqana.
  2951 | D:7      | Reached skill level 8 in Axes
  3060 | D:7      | Gained mutation: You passively map the area around you.
                  | [Deep Dwarf growth]
  3060 | D:7      | Reached XP level 9. HP: 51/81 MP: 6/6
  3096 | D:7      | Found a glowing golden altar of the Shining One.
  3448 | D:8      | Paralysed by a hornet for 1 turns
  3453 | D:8      | Paralysed by a hornet for 2 turns
  3504 | D:8      | Got a steaming ivory ring
  3524 | D:8      | Reached skill level 9 in Axes
  3567 | D:8      | Found an iron altar of Okawaru.
  3600 | D:8      | Noticed a gargoyle
  3622 | D:8      | Killed a gargoyle
  3930 | D:8      | Reached skill level 10 in Axes
  4118 | D:8      | Reached XP level 10. HP: 66/92 MP: 4/4
  4439 | D:9      | Found Koar's Jewellery Emporium.
  4559 | D:9      | Noticed an angel
  4560 | D:9      | Found a glowing silver altar of Zin.
  4591 | D:9      | Found a shimmering altar of Xom.
  4618 | D:9      | Found Kurom's Distillery.
  4622 | D:9      | Found Axeaso's General Store.
  4626 | D:9      | Reached skill level 11 in Axes
  4748 | D:9      | Bought a +0 helmet of see invisible for 115 gold pieces
  4773 | D:9      | Bought a potion of mutation for 120 gold pieces
  4773 | D:9      | Bought a potion of haste for 150 gold pieces
  4774 | D:9      | Identified the ring "Turihygu" {+Fly rC+ SInv} (You found
                  | it on level 8 of the Dungeon)
  5050 | D:9      | Found Laxtah's Assorted Antiques.
  5121 | Temple   | Quit the game

Levels and vault maps discovered:
D:1:      evilmike_arrival_crescent, layout_basic
D:2:      layout_loops_corners, eat_drink_and_be_merry_uskayaw,
          chequers_temple_overflow_statue_of_worship, minmay_misc_feat_alley,
          dk_yredelemnul_ordeal
D:3:      layout_basic, first_ration
D:4:      wander_river, layout_basic, st_stairs_4, uniq_blork_the_orc
D:5:      layout_gridville, vehumet_crystals
D:6:      layout_basic, nicolae_elemental_shop
D:7:      layout_loops_ring, kennysheep_little_box, trog_ov_bears_minmay,
          lemuel_doored_altar, temple_statues, grunt_ogre_cave,
          nrook_loot_triangle, uniq_prince_ribbit1
D:8:      layout_loops_corners, okawaru_metal_pillars_1_2
D:9:      layout_rooms, grunt_temple_overflow_order_and_chaos_1, serial_shops,
          shop, kennysheep_mini, shop, nicolae_shop_behind_doors, shop_coins,
          kennysheep_cross_room, chequers_serial_rivers_room_a
Temple:   nicolae_temple_x_marks_the_god

Skill      XL: |  1  2  3  4  5  6  7  8  9 10 |
---------------+-------------------------------+-----
Fighting       | 3 4 5 6 7 |  7.4
Axes           | 3 4 5 6 8 10 11 | 11.6
Armour         | 4 5 6 7 8 |  8.9
Shields        | 4 5 6 7 8 |  8.9

Action                   |  1- 3 |  4- 6 |  7- 9 | 10-12 || total
-------------------------+-------+-------+-------+-------++-------
Melee: War axe           |    48 |    96 |   374 |       ||   518
       Hand axe          |       |       |    66 |   225 ||   291
 Abil: Heal Wounds       |       |     3 |    33 |    11 ||    47
Evoke: Wand              |       |       |     5 |       ||     5
  Use: Scroll            |       |       |       |    16 ||    16
 Stab: Paralysed         |       |       |     3 |       ||     3
  Eat: Chunk             |       |       |    12 |     9 ||    21
Armor: Scale mail        |    26 |    45 |   115 |       ||   186
       Chain mail        |       |       |    95 |    83 ||   178
Dodge: Dodged            |    14 |    23 |   135 |    44 ||   216
Block: Kite shield       |    21 |    46 |   296 |   126 ||   489

Table legend:
 A = Non-vault XP
 B = Vault XP
 C = Vault XP percentage of total XP
 D = Non-vault monster count
 E = Vault monster count
 F = Vault count percentage of total count
                 A         B        C        D         E       F
            +---------+---------+-------+---------+---------+-------
      Total |    9785 |     522 |   5.1 |     156 |       6 |   3.7
            +---------+---------+-------+---------+---------+-------
        D:1 |       3 |       0 |   0.0 |       2 |       0 |   0.0
        D:2 |      20 |       0 |   0.0 |       5 |       0 |   0.0
        D:4 |     347 |     147 |  29.8 |      12 |       3 |  20.0
        D:5 |     744 |       0 |   0.0 |      20 |       0 |   0.0
        D:6 |     378 |       0 |   0.0 |      16 |       0 |   0.0
        D:7 |    1106 |     375 |  25.3 |      23 |       3 |  11.5
        D:8 |    2591 |       0 |   0.0 |      32 |       0 |   0.0
        D:9 |    4596 |       0 |   0.0 |      46 |       0 |   0.0
            +---------+---------+-------+---------+---------+-------
